 Dungeon Crawl Stone Soup version 0.31-a0-221-gbddc013574 (webtiles) character file.

Game seed: 13831744704890437842

1485 qw the Skirmisher (level 8, -7/70 HPs)
             Began as a Minotaur Hexslinger on July 3, 2023.
             Killed from afar by an electric eel (8 damage)
             ... with a bolt of electricity
             ... on level 6 of the Dungeon.
             The game lasted 00:02:29 (5843 turns).

qw the Skirmisher (Minotaur Hexslinger)             Turns: 5843, Time: 00:02:30

Health: -7/70      AC: 11    Str: 18    XL:     8   Next: 50%
Magic:  8/8        EV: 27    Int: 14    God:
Gold:   976        SH:  0    Dex: 14    Spells: 8/9 levels left

rFire   + . .        m - +1 sling (heavy)
rCold   + . .        (no shield)
rNeg    . . .        e - +2 ring mail {rC+}
rPois   .            (helmet restricted)
rElec   .            c - +2 cloak
rCorr   .            (no gloves)
SInv    +            j - +0 pair of boots
Will    .....        k - amulet of the acrobat
Stlth   +            i - +6 ring of strength
HPRegen 0.31/turn    a - ring of protection from fire
MPRegen 0.11/turn

%: acrobat
@: acrobatic, very slow
A: horns 2, retaliatory headbutt, claws 1, see invisible, clever 1
a: no special abilities


You were on level 6 of the Dungeon.
You visited 1 branch of the dungeon, and saw 6 of its levels.
You also visited: Sewer.

You collected 976 gold pieces.


Innate Abilities, Weirdness & Mutations

You have a pair of horns on your head.
You reflexively headbutt those who attack you in melee.
You have sharp fingernails.
You have supernaturally acute eyesight. (SInv)
Your mind is acute. (Int +4, Str/Dex -1)


   Skills:
 - Level 6.0 Fighting
 + Level 9.8 Ranged Weapons
 - Level 2.1 Armour
 - Level 3.5 Dodging
 - Level 1.0 Spellcasting
 - Level 2.0 Hexes


You had 8 spell levels left.
You knew the following spells:

 Your Spells              Type           Power      Damage    Failure   Level
a - Slow                  Hex            24%        N/A       21%         1

Your spell library contained the following spells:

 Spells                   Type           Power      Damage    Failure   Level
 Inner Flame              Hex/Fire       3%         N/A       65%         3
 Portal Projectile        Hex/Tloc       6%         N/A       65%         3
 Cause Fear               Hex            3%         N/A       89%         4

Inventory:

Hand Weapons
 m - a +1 heavy sling (weapon)
Armour
 c - a +2 cloak (worn)
 e - a +2 ring mail of cold resistance (worn)
 j - a +0 pair of boots (worn)
Jewellery
 a - a ring of protection from fire (right claw)
 i - a +6 ring of strength (left claw)
 k - an amulet of the acrobat (around neck)
Scrolls
 b - a scroll of identify
Potions
 d - a potion of might
 f - 2 potions of curing
 g - a potion of mutation
 l - a potion of haste
 n - a potion of brilliance {unknown}
 p - a potion of attraction {unknown}

Dungeon Overview and Level Annotations

Branches:
Dungeon (6/15)              Sewer (visited)
 Temple: D:4-7

Altars:
Ashenzari
Cheibriados
Fedhas
Gozag
Hepliaklqana
Qazlal
Sif Muna

Annotations:
D:5 1 runed translucent door, qw's ghost, amateur GrHs
D:6 exclusion: electric eel


Message History

The electric eel shoots out a bolt of lightning at you!
The bolt of electricity hits you!
Enter note:
Enter note:
Enter note:
Enter note:
Enter note:
Enter note:
Enter note:
Enter note:
Enter note:
Enter note:
Enter note:
Enter note:
Enter note:
Enter note:
Enter note:
Enter note:
Enter note:
Enter note:
Enter note:
Enter note:
Enter note:
Enter note:
Enter note:
Enter note:
Enter note:
Enter note:
Enter note:
Enter note:
Enter note:
Enter note:
Enter note:
Enter note:
Enter note: You enter the shallow water.
Moving in this stuff is going to be slow.
The electric eel shoots out a bolt of lightning at you!
The bolt of electricity hits you!
You die...

.......######....~~~~~......
###....###....~~~~~~........
#..........~..~P~~~~.=.....
#.......~.~~~~~~~~~.~.......
.....~~.~P~~~~~~~~~~........
~~~~~~~~.~~~~~S~~P..........
~~~~~~~~~~~~~~~~%.....#.....
~~~~~~~~~~~~~.....##....
~~~~.~~@.~.~..######....
~~~~....~~...######.....
.P~~~................^..
................................
##....................####....###
......<.................##....#8#
#..............................#.
...............................).
..........................#......


You could see an electric eel.

Vanquished Creatures
  Menkaure (D:4)
  A black bear (D:6)
  An ice beast (D:6)
  An ogre (D:5)
  A phantom (D:5)
  A kobold brigand (Sewer)
  A bullfrog (D:6)
  2 scorpions
  A howler monkey (D:6)
  2 electric eels (D:6)
  3 hounds
  4 jellies
  A sleepcap (D:3)
  3 iguanas
  An orc wizard (D:5)
  3 gnolls (D:6)
  14 adders
  2 river rats (Sewer)
  2 shadow imps (D:6)
  A white imp (D:6)
  2 ufetubi
  4 worms
  4 orcs
  10 ball pythons
  5 endoplasms
  3 giant cockroaches
  7 goblins
  7 hobgoblins
  6 jackals
  6 quokkas
  6 bats
  6 frilled lizards
  12 kobolds
  5 rats
129 creatures vanquished.

Notes
Turn   | Place    | Note
-------+----------+-------------------------------------------
     0 | D:1      | qw the Minotaur Hexslinger began the quest for the Orb.
     0 | D:1      | Reached XP level 1. HP: 16/16 MP: 1/1
     0 | D:1      | 0 ||| qw: Version: 0.3-a-40-ge99b1a8
     0 | D:1      | 0 ||| qw: Game counter: 551
     0 | D:1      | 0 ||| qw: Melee chars always use a shield: true
     0 | D:1      | 0 ||| qw: God list: Okawaru
     0 | D:1      | 0 ||| qw: Allow faded altars: false
     0 | D:1      | 0 ||| qw: Do Orc after clearing Dungeon:15 true
     0 | D:1      | 0 ||| qw: Do second Lair branch before Depths: true
     0 | D:1      | 0 ||| qw: Lair rune preference: random
     0 | D:1      | 0 ||| qw: Goals: Normal
     0 | D:1      | 0 ||| PLANNING D:1-11
   202 | D:1      | Reached skill level 3 in Ranged Weapons
   239 | D:1      | Reached XP level 2. HP: 23/23 MP: 2/2
   886 | D:1      | 886 ||| UPGRADING to +0 pair of boots.
   891 | D:1      | 891 ||| UPGRADING to +6 ring of strength.
   892 | D:1      | 892 ||| READING scroll labelled ZIETSASAFI.
   893 | D:1      | 893 ||| READING scroll labelled WAIQEMY SYITZ.
   894 | D:1      | 894 ||| READING scroll labelled VOZYCWE CUEVOS.
   895 | D:1      | 895 ||| READING scroll labelled GADGHIF HAZO WAUQ.
   896 | D:1      | 896 ||| DRINKING 2 fizzy black potions.
   897 | D:1      | 897 ||| DRINKING 2 orange potions.
   898 | D:1      | 898 ||| DROPPING scroll of poison.
   899 | D:1      | 899 ||| DROPPING potion of degeneration.
   929 | D:2      | Reached XP level 3. HP: 26/29 MP: 3/3
   971 | D:2      | HP: 6/29 [iguana (6)]
   976 | D:2      | Reached skill level 4 in Ranged Weapons
  1250 | D:2      | Reached XP level 4. HP: 36/36 MP: 4/4
  1591 | D:2      | Reached skill level 5 in Ranged Weapons
  1807 | D:2      | 1807 ||| UPGRADING to +0 ring mail.
  1817 | D:2      | 1817 ||| DROPPING +0 robe.
  1818 | D:2      | 1818 ||| READING scroll labelled ELASEMOGO.
  1919 | D:2      | 1919 ||| READING scroll labelled JAONUBAXUO.
  1920 | D:2      | 1920 ||| DRINKING 2 puce potions.
  1920 | D:2      | Gained mutation: You have sharp fingernails. [potion of
                  | mutation]
  1920 | D:2      | Gained mutation: Your mind is acute. (Int +4, Str/Dex -1)
                  | [potion of mutation]
  1920 | D:2      | Gained mutation: You have supernaturally acute eyesight.
                  | (SInv) [potion of mutation]
  1932 | D:3      | Found a faded altar of an unknown god.
  2011 | D:3      | Reached skill level 1 in Armour
  2119 | D:3      | Found a stormy altar of Qazlal.
  2158 | D:3      | HP: 8/36 [sleepcap (8)]
  2161 | D:3      | Reached skill level 3 in Fighting
  2161 | D:3      | Reached XP level 5. HP: 11/45 MP: 5/5
  2709 | D:3      | 2709 ||| READING scroll labelled RITORU NEPS.
  2710 | D:3      | 2710 ||| READING 3 scrolls labelled PESAESCHASEI.
  2711 | D:3      | 2711 ||| DRINKING 2 blue potions.
  2712 | D:3      | 2712 ||| DRINKING 4 ruby potions.
  2744 | D:3      | 2744 ||| DROPPING 2 scrolls of immolation.
  2745 | D:3      | 2745 ||| DROPPING 3 potions of lignification.
  2825 | D:4      | 2825 ||| FLEEEEING.
  2826 | D:4      | 2826 ||| FLEEEEING.
  2830 | D:4      | 2830 ||| STAIRDANCE
  3064 | D:4      | Reached skill level 6 in Ranged Weapons
  3111 | D:4      | Found an opulent altar of Gozag.
  3199 | D:4      | Noticed Menkaure
  3205 | D:4      | Killed Menkaure
  3206 | D:4      | Reached XP level 6. HP: 15/53 MP: 6/6
  3585 | D:4      | 3585 ||| READING scroll labelled UTZI BACWIDI.
  3586 | D:4      | 3586 ||| READING scroll labelled DEYNUGADAE.
  3603 | D:5      | Entered Level 5 of the Dungeon
  3603 | D:5      | Found a runed translucent door.
  3810 | D:5      | Found a snail-covered altar of Cheibriados.
  3811 | D:5      | Found a broken altar of Ashenzari.
  3812 | D:5      | Found a hazy altar of Hepliaklqana.
  3849 | D:5      | Reached skill level 7 in Ranged Weapons
  3859 | D:5      | Reached XP level 7. HP: 60/60 MP: 7/7
  3992 | D:5      | Reached skill level 8 in Ranged Weapons
  4027 | D:5      | Noticed qw's ghost (amateur GrHs)
  4067 | D:5      | Found a blossoming altar of Fedhas.
  4252 | D:5      | 4252 ||| UPGRADING to +2 cloak.
  4257 | D:5      | 4257 ||| UPGRADING to +2 ring mail of cold resistance.
  4267 | D:5      | 4267 ||| DROPPING +0 ring mail.
  4268 | D:5      | 4268 ||| UPGRADING to ring of protection from fire.
  4269 | D:5      | 4269 ||| READING 2 scrolls of identify.
  4269 | D:5      | 4269 ||| IDENTIFYING viscous puce potion
  4318 | D:6      | 4318 ||| PLANNING SEWER
  4336 | D:6      | Found a glowing drain.
  4341 | D:6      | 4341 ||| UPGRADING to amulet of the acrobat.
  4357 | D:6      | 4357 ||| Stepping ~*~*~tactically~*~*~ (water).
  4375 | Sewer    | Entered a sewer
  4392 | Sewer    | 4392 ||| Stepping ~*~*~tactically~*~*~ (water).
  4407 | Sewer    | 4407 ||| Stepping ~*~*~tactically~*~*~ (water).
  4432 | Sewer    | 4432 ||| Stepping ~*~*~tactically~*~*~ (water).
  4435 | Sewer    | 4435 ||| Stepping ~*~*~tactically~*~*~ (water).
  4606 | Sewer    | 4606 ||| READING scroll of brand weapon.
  4606 | Sewer    | 4606 ||| BRANDING +1 sling of draining.
  4630 | Sewer    | Reached XP level 8. HP: 68/68 MP: 8/8
  4646 | Sewer    | 4646 ||| Stepping ~*~*~tactically~*~*~ (water).
  4701 | Sewer    | 4701 ||| Stepping ~*~*~tactically~*~*~ (water).
  4749 | Sewer    | 4749 ||| Stepping ~*~*~tactically~*~*~ (water).
  4753 | Sewer    | Reached skill level 9 in Ranged Weapons
  4934 | Sewer    | 4934 ||| READING scroll labelled FYVIFA TYCUCY.
  4935 | Sewer    | 4935 ||| READING scroll labelled WOIPIRH JAEMI.
  4935 | Sewer    | Identified a scroll of acquirement
  4935 | Sewer    | 4935 ||| ACQUIRING 736 gold pieces
  4935 | Sewer    | Acquired 736 gold pieces
  4941 | D:6      | 4941 ||| PLANNING D:1-11
  4964 | D:6      | 4964 ||| FLEEEEING.
  4965 | D:6      | 4965 ||| FLEEEEING.
  4966 | D:6      | 4966 ||| FLEEEEING.
  4967 | D:6      | 4967 ||| FLEEEEING.
  4968 | D:6      | 4968 ||| FLEEEEING.
  4977 | D:6      | 4977 ||| STAIRDANCE
  5014 | D:5      | 5014 ||| READING 2 scrolls of identify.
  5014 | D:5      | 5014 ||| IDENTIFYING green potion
  5030 | D:6      | Reached skill level 3 in Dodging
  5085 | D:6      | Reached skill level 6 in Fighting
  5231 | D:6      | 5231 ||| DROPPING ring of flight.
  5237 | D:6      | 5237 ||| FLEEEEING.
  5238 | D:6      | 5238 ||| FLEEEEING.
  5239 | D:6      | 5239 ||| FLEEEEING.
  5240 | D:6      | 5240 ||| FLEEEEING.
  5242 | D:6      | 5242 ||| FLEEEEING.
  5243 | D:6      | 5243 ||| FLEEEEING.
  5244 | D:6      | 5244 ||| FLEEEEING.
  5245 | D:6      | 5245 ||| FLEEEEING.
  5381 | D:6      | 5381 ||| FLEEEEING.
  5433 | D:6      | Found a shimmering blue altar of Sif Muna.
  5435 | D:6      | 5435 ||| FLEEEEING.
  5436 | D:6      | 5436 ||| FLEEEEING.
  5464 | D:6      | 5464 ||| FLEEEEING.
  5465 | D:6      | 5465 ||| FLEEEEING.
  5495 | D:6      | 5495 ||| FLEEEEING.
  5496 | D:6      | 5496 ||| FLEEEEING.
  5544 | D:6      | 5544 ||| FLEEEEING.
  5596 | D:6      | 5596 ||| Stepping ~*~*~tactically~*~*~ (outnumbered).
  5599 | D:6      | 5599 ||| Stepping ~*~*~tactically~*~*~ (outnumbered).
  5649 | D:6      | 5649 ||| FLEEEEING.
  5682 | D:6      | 5682 ||| FLEEEEING.
  5711 | D:6      | 5711 ||| FLEEEEING.
  5712 | D:6      | 5712 ||| FLEEEEING.
  5721 | D:6      | 5721 ||| STAIRDANCE
  5836 | D:6      | HP: 10/70 [electric eel/bolt of electricity (12)]
  5837 | D:6      | 5837 ||| DRINKING potion of heal wounds.
  5841 | D:6      | HP: 15/70 [electric eel/bolt of electricity (11)]
  5842 | D:6      | HP: 1/70 [electric eel/bolt of electricity (14)]
  5843 | D:6      | Killed from afar by an electric eel

Levels and vault maps discovered:
D:1:      spicycebolla_green_bress_n_ham, layout_basic, grunt_decor_one_mirror
D:2:      minmay_door_path, layout_basic, serial_corexii_hall,
          corexii_hall_statues_l, corexii_hall_statues_deadend,
          minmay_misc_feat_encased
D:3:      layout_loops_ring, nicolae_qazlal_eye_of_the_storm,
          ebering_ecumenical_altar_sacrificial, hellmonk_no_cap
D:4:      layout_basic, nicolae_gozag_cash_rules_everything_around_me,
          uniq_menkaure
D:5:      layout_loops_ring, chequers_temple_overflow_statue_of_worship,
          mainiacjoe_overflow_chevrons, ebering_ghost_sewer_d
D:6:      layout_layer_cave, nicolae_sif_muna_condensation,
          cheibrodos_sewer_entry_sluice, kennysheep_decorative_pillar,
          chequers_big_river

Skill      XL: |  1  2  3  4  5  6  7  8 |
---------------+-------------------------+-----
Ranged Weapons | 3 4 5 6 7 8 9 |  9.8
Fighting       | 2 3 4 5 6 |  6.0
Armour         | 1 2 |  2.1
Dodging        | 3 |  3.5
Spellcasting   | |  1.0
Hexes          | |  2.0

Action                     |  1- 3 |  4- 6 |  7- 9 || total
---------------------------+-------+-------+-------++-------
   Fire: Sling             |    66 |   202 |   173 ||   441
    Use: Scroll            |     4 |     6 |     5 ||    15
         Potion            |     2 |     3 |     1 ||     6
 Armour: Robe              |     5 |     6 |       ||    11
         Ring mail         |       |    27 |    28 ||    55
  Dodge: Dodged            |    17 |    50 |    57 ||   124

Table legend:
 A = Non-vault XP
 B = Vault XP
 C = Vault XP percentage of total XP
 D = Non-vault monster count
 E = Vault monster count
 F = Vault count percentage of total count
                 A         B        C        D         E       F
            +---------+---------+-------+---------+---------+-------
      Total |    1665 |     457 |  21.5 |      95 |      34 |  26.4
            +---------+---------+-------+---------+---------+-------
        D:1 |      33 |       0 |   0.0 |      19 |       0 |   0.0
        D:2 |     103 |       4 |   3.7 |      18 |       2 |  10.0
        D:3 |      47 |      40 |  46.0 |      12 |       2 |  14.3
        D:4 |     123 |     172 |  58.3 |      15 |       1 |   6.2
        D:5 |     590 |       0 |   0.0 |      14 |       0 |   0.0
        D:6 |     769 |       8 |   1.0 |      17 |       4 |  19.0
      Sewer |       0 |     233 | 100.0 |       0 |      25 | 100.0
            +---------+---------+-------+---------+---------+-------
